 Dungeon Sprint DCSS version 0.32-a0-411-g744942f433 (webtiles) character file.

Game seed: 8498347301194205144

0 shadowstone the Trooper (level 1, -3/18 HPs)
             Began as a Coglin Fighter on Feb 20, 2024.
             Was an Initiate of Qazlal.
             Slain by a scorpion (6 damage)
             ... in the Dungeon (Sprint VI: "Thunderdome").
             The game lasted 00:01:05 (109 turns).

shadowstone the Trooper (Coglin Fighter)             Turns: 109, Time: 00:01:06

Health: -3/18      AC:  6    Str: 16    XL:     1   Next: 60%
Magic:  1/1        EV:  8    Int:  7    God:    Qazlal [......]
Gold:   95         SH:  4    Dex: 13    Spells: 0/0 levels left

rFire   . . .        n - +0 hand cannon {Luis}
rCold   . . .        b - +0 buckler
rNeg    . . .        a - +0 scale mail
rPois   .            (no helmet)
rElec   .            (no cloak)
rCorr   .            (no gloves)
SInv    .            (no boots)
Will    .....        (no amulet) Stlth
                     (no ring)
HPRegen 0.23/turn    (no ring)
MPRegen 0.07/turn

%: no teleportation
@: lethally poisoned (-3 -> -7), revved
A: off-hand wielding, slow wielding, warmup strikes, legs shutdown
a: Renounce Religion


You were in the Dungeon.
You worshipped Qazlal.
Qazlal was noncommittal.
You visited 1 branch You collected 200 gold pieces.
You spent 105 gold pieces at shops.

Inventory:

Hand Weapons
 n - a +0 hand cannon (weapon) {Luis}
Armour
 a - a +0 scale mail (worn)
 b - a +0 buckler (worn)
Wands
 k - a wand of quicksilver (5)
 l - a wand of iceblast (5)
Scrolls
 i - 4 scrolls of blinking
 m - 3 scrolls of fog
Potions
 c - a potion of might
 d - a potion of curing
 e - 4 potions of heal wounds
 f - 4 potions of haste
 g - 2 potions of magic
 h - a potion of berserk rage
 j - a potion of resistance


   Skills:
 + Level 3.4 Fighting
 + Level 3.1 Armour
 + Level 2.5 Shields
 + Level 1.9 Unarmed Combat


You couldn't memorise any spells.
You didn't know any spells.
Your spell library was empty.

Dungeon Overview and Level Annotations

Branches:
Dungeon (1/1)

Altars:
Cheibriados
Dithmenos
Fedhas
Gozag
Kikubaaqudgha
Qazlal
Ru
Sif Muna
Vehumet
Xom
Yredelemnul
Zin
The Shining One
Beogh

Shops:
D *[=??**[(!


Innate Abilities, Weirdness & Mutations

You can wield a second weapon in your off-hand.
It takes a long time for you to wield or remove held weapons.
Your first few attacks do less damage.
Attacking and casting redirects power from your legs.


Message History

You shoot a bolt. The bolt hits the giant cockroach!
You kill the giant cockroach!
Qazlal accepts your kill. The giant cockroach barely misses you.
Your Armour skill increases to level 3!
You shoot a bolt. The bolt hits the giant cockroach!
You kill the giant cockroach!
Qazlal accepts your kill.
No target in view!
There is an entrance to Unaxt's Timeless Talismans here.
There is a roughly hewn altar of Beogh here.
A scorpion comes into view.
Your line of fire to the scorpion is blocked by a granite statue.
Your line of fire to the scorpion is blocked by a granite statue.
Your line of fire to the scorpion is blocked by a granite statue.
You shoot a bolt. The bolt closely misses the scorpion.
You shoot a bolt. The bolt barely misses the scorpion.
The scorpion stings you but does no damage.
The scorpion stings you.
You are poisoned.
The scorpion poisons you!
You shoot a bolt.
The bolt completely misses the scorpion.
You feel very sick. The scorpion stings you. You block the scorpion's attack.
You shoot a bolt. The bolt barely misses the scorpion.
You feel very sick.
The scorpion stings you but does no damage.
The scorpion stings you.
* * * LOW HITPOINT WARNING * * *
The scorpion barely misses you.
You are too injured to fight recklessly!
You are too injured to fight recklessly!
You are too injured to fight recklessly!
You are too injured to fight recklessly!
You are too injured to fight recklessly!
You are too injured to fight recklessly!
* * * LOW HITPOINT WARNING * * *
You feel sick. The scorpion stings you.
You die...

#_....... #_.......
#_....... ###.........###
#⌠...........⌠#
######.ß.........ß.#
##∩___......# ......
###∩........ß.# .ß......
##......○@s....###........
#⌠..........###...# .....
#⌠..........# #.<.# .....
#⌠..........###...###.....
##.............###........
###∩........ß.# #.ß......
##∩.__......###......__
######.ß.........ß.###
#⌠...........⌠#


You could see a scorpion.

Vanquished Creatures
  2 giant cockroaches (D)
2 creatures vanquished.

Notes
Turn   | Place    | Note
-------+----------+-------------------------------------------
     0 | D        | shadowstone the Coglin Fighter began the quest for the Orb.
     0 | D        | Reached XP level 1. HP: 18/18 MP: 1/1
     4 | D        | Found a sacrificial altar of Ru.
     4 | D        | Found a shimmering blue altar of Sif Muna.
     5 | D        | Found a basalt altar of Yredelemnul.
     5 | D        | Round 1.
     6 | D        | Found an opulent altar of Gozag.
     6 | D        | Found a snail-covered altar of Cheibriados.
     7 | D        | Found a stormy altar of Qazlal.
     7 | D        | Found Agaos's Weapon Rack.
     7 | D        | Found Byugroq's Premium Goods.
     8 | D        | Found Vyfea's Do-It-Yourself Clinic.
     8 | D        | Found Ladan's Basic Armour.
     8 | D        | Found Dimotent's Miscellaneous Merchandise.
    15 | D        | Bought a +0 hand cannon for 105 gold pieces
    25 | D        | Found a roughly hewn altar of Beogh.
    31 | D        | Became a worshipper of Qazlal Stormbringer
    53 | D        | Found a shadowy altar of Dithmenos.
    57 | D        | Found Ystrosad's Identification Station.
    58 | D        | Found Eckyaxku's Advanced Armour.
    58 | D        | Found Bedwunamn's Jewellery.
    59 | D        | Found an ancient bone altar of Kikubaaqudgha.
    59 | D        | Found a glowing silver altar of Zin.
    59 | D        | Found a radiant altar of Vehumet.
    59 | D        | Found Unaxt's Timeless Talismans.
    64 | D        | Found a glowing golden altar of the Shining One.
    65 | D        | Found a shimmering altar of Xom.
    67 | D        | Found a blossoming altar of Fedhas.
    69 | D        | Found Dimadd's Magic Scroll Shop.
   101 | D        | Noticed a scorpion
   109 | D        | Slain by a scorpion

Illustrated notes

Levels and vault maps discovered:
D:        arena_sprint

Skill      XL: |  1 |
---------------+----+-----
Armour         | 3 |  3.1
Fighting       | |  3.4
Shields        | |  2.5
Unarmed Combat | |  1.9

Action                     || total
---------------------------++-------
   Fire: Hand cannon       ||     6
 Armour: Scale mail        ||     6
  Dodge: Dodged            ||     2
  Block: Buckler           ||     1

Table legend: (Time is in decaauts)
 A = Elapsed time spent in this place.
 B = Non-inter-level travel time spent in this place.
 C = Inter-level travel time spent in this place.
 D = Time resting spent in this place.
 E = Time spent auto-exploring this place.
 F = Levels seen in this place.
 G = Mean time per level.
                   A        B        C        D        E       F      G
               +--------+--------+--------+--------+--------+-----+--------+
         Total |    115 |    104 |     11 |      0 |      4 |   1 |  115.0 |
       Dungeon |    115 |    104 |     11 |      0 |      4 |   1 |  115.0 |
               +--------+--------+--------+--------+--------+-----+--------+

Top non-repeatable levels by time:
       D: 115 daAuts
